 Dungeon Crawl Stone Soup version 0.30-a0-341-g682706514a (webtiles) character file.

Game seed: 11863839973526218571

25 MrRokkomies the Twirler (level 2, -1/25 HPs)
             Began as an Armataur Gladiator on Nov 3, 2022.
             Slain by a hobgoblin (4 damage)
             ... on level 2 of the Dungeon.
             The game lasted 00:01:01 (720 turns).

MrRokkomies the Twirler (Armataur Gladiator)         Turns: 720, Time: 00:01:03

Health: -1/25      AC:  5    Str: 17 (19) XL:     2   Next: 82%
Magic:  2/2        EV:  9    Int:  4 (8)  God:
Gold:   31         SH:  0    Dex:  5 (11) Spells: 1/1 levels left

rFire   . . .      SeeInvis .    a - +0 quarterstaff
rCold   . . .      Faith    .    (shield currently unavailable)
rNeg    . . .      Spirit   .    b - +0 leather armour
rPois   .          Reflect  .    c - +0 helmet
rElec   .          Harm     .    (no cloak)
rCorr   .          Roll     +    (no gloves)
Will    .....                    (no barding)
Stlth   +.........               (no amulet)
HPRegen 0.24/turn                (no ring)
MPRegen 0.08/turn                (no ring)

@: slowed, very slow
A: large, rugged brown scales 3, deformed body, armoured tail, roll, long
tongue, awkward tongue
a: no special abilities


You were on level 2 of the Dungeon.
You visited 1 branch of the dungeon, and saw 2 of its levels.

You collected 31 gold pieces.

Inventory:

Hand Weapons
 a - a +0 quarterstaff (weapon)
Missiles
 d - 5 throwing nets (quivered)
 e - a javelin
Armour
 b - a +0 leather armour (worn)
 c - a +0 helmet (worn)
Potions
 f - a potion of brilliance


   Skills:
 * Level 2.2 Fighting
 - Level 2.6 Staves
 * Level 2.2 Throwing
 + Level 1.0 Armour
 + Level 2.3 Dodging


You had one spell level left.
You didn't know any spells.
Your spell library was empty.

Dungeon Overview and Level Annotations

Branches:
Dungeon (2/15)

Altars:

Annotations:
D:2 Jessica


Innate Abilities, Weirdness & Mutations

You are completely covered in rugged brown scales. (AC +3, +7% HP)
Armour fits poorly on your strangely shaped body.
You have a long armoured tail.
You roll when moving toward enemies. (Rampage)
Your long tongue fully drains potion bottles. (2x potion effects)
Your tongue gives you trouble enunciating. (1.5x scroll delay)


Message History

It was a scroll of blinking.
As you slowly read the scroll labelled ZIBEBB NEEL, it crumbles to dust.
You feel strangely unstable.
It was a scroll of teleportation.
As you slowly read the scroll labelled KUGE ZAPIGONUU, it crumbles to dust.
It is a scroll of identify.
f - a potion of brilliance Your surroundings suddenly seem different.
Jessica the Apprentice Sorceress comes into view.
She is wielding a +0 dagger.
Found a scroll labelled USUIME USAAL.
Found a stone staircase leading down.
Jessica shouts!
You hear a shout!
Jessica points at you and mumbles some strange words.
Pain shoots through your body!
You are too injured to fight recklessly!
You are too injured to fight recklessly!
You are too injured to fight recklessly!
You roll towards Jessica!
A hobgoblin comes into view.
The hobgoblin shouts!
Jessica hits you but does no damage.
You barely miss Jessica. The hobgoblin hits you. Jessica barely misses you.
You barely miss Jessica.
The hobgoblin hits you but does no damage.
Jessica mumbles something strange.
Jessica hits you with a +0 dagger.
Jessica points at you and mumbles some strange words.
You feel yourself slow down. The hobgoblin hits you.
* * * LOW HITPOINT WARNING * * *
You slurp down every last drop of the white potion!
It was a potion of magic.
Magic courses through your body. The hobgoblin barely misses you.
Jessica casts a spell.
Jessica seems to speed up.
You slurp down every last drop of the viscous pink potion!
It was a potion of degeneration.
There was something very wrong with that liquid.
You feel weakened.
You feel dopey.
You feel clumsy. Jessica hits you with a +0 dagger.
* * * LOW HITPOINT WARNING * * *
The hobgoblin hits you.
You die...

###############
.......>.......
......#.#######
......g@..#
......#@#.#
......#.#.#
..... #.# #
##### ?.. ..#
..# ...# ..


You could see Jessica (fast) and a hobgoblin.

Vanquished Creatures
  3 ball pythons (D:1)
  A bat (D:1)
  An endoplasm (D:1)
  2 goblins
  3 hobgoblins (D:1)
  3 jackals (D:1)
  2 quokkas (D:1)
  2 kobolds (D:1)
  4 rats (D:1)
21 creatures vanquished.

Notes
Turn   | Place    | Note
-------+----------+-------------------------------------------
     0 | D:1      | MrRokkomies the Armataur Gladiator began the quest for the
                  | Orb.
     0 | D:1      | Reached XP level 1. HP: 18/18 MP: 1/1
   233 | D:1      | Reached XP level 2. HP: 22/25 MP: 2/2
   465 | D:1      | Reached skill level 1 in Armour
   715 | D:2      | Noticed Jessica
   720 | D:2      | Slain by a hobgoblin

Illustrated notes

Levels and vault maps discovered:
D:1:      lightli_arrival_flooded_house, layout_loops_ring,
          chequers_serial_rivers_small_3
D:2:      layout_basic, uniq_jessica, uniq_terence, uniq_crazy_yiuf_cottage,
          uniq_robin

Skill      XL: |  1  2 |
---------------+-------+-----
Fighting       | 2 |  2.2
Throwing       | 2 |  2.2
Armour         | 1 |  1.0
Staves         | |  2.6
Dodging        | |  2.3

Action                   || total
-------------------------++-------
Melee: Quarterstaff      ||    51
       Tailslap          ||     2
  Use: Scroll            ||     3
       Potion            ||     2
Armor: Leather armour    ||    21
Dodge: Dodged            ||    22

Table legend: (Time is in decaauts)
 A = Elapsed time spent in this place.
 B = Non-inter-level travel time spent in this place.
 C = Inter-level travel time spent in this place.
 D = Time resting spent in this place.
 E = Time spent auto-exploring this place.
 F = Levels seen in this place.
 G = Mean time per level.
                   A        B        C        D        E       F      G
               +--------+--------+--------+--------+--------+-----+--------+
         Total |    731 |    705 |     26 |      0 |    582 |   2 |  365.5 |
       Dungeon |    731 |    705 |     26 |      0 |    582 |   2 |  365.5 |
               +--------+--------+--------+--------+--------+-----+--------+

Top non-repeatable levels by time:
     D:1: 716 daAuts
     D:2: 14 daAuts
